TOP OF THE 1ST |
Michigan Wolverines batting - Pitching for Texas A&M Aggies : LHP Fred Villa
|
Pitching: LHP Fred Villa
|
|
Batting: RHB Scott Walker
|
0-0: Ball 1-0: Ball Single, Error in OF, E7, batter to second base
|
Batting: RHB Mario Silva
|
0-0: Called Strike 0-1: Ground out 6-3 (Groundball, 6M) Scott Walker to third
|
Batting: RHB Patrick Potts
|
0-0: Ball 1-0: Swinging Strike 1-1: Foul Ball, location: 2F 1-2: Ball 2-2: Foul Ball, location: 2F 2-2: Ball 3-2: Base on Balls
|
Batting: SHB Mike Howard
|
0-0: Ball 1-0: Grounds into double play, 4-6-3 (Groundball, 4)
|
Top of the 1st over - 0 run(s), 1 hit(s), 1 error(s), 1 left on base; Michigan 0 - Texas A&M 0 |
BOTTOM OF THE 1ST |
Texas A&M Aggies batting - Pitching for Michigan Wolverines : LHP Marcos Ortíz
|
Pitching: LHP Marcos Ortíz
|
|
Batting: LHB Dave Bryant
|
0-0: Foul Ball, location: 2F 0-1: Fly out, F7 (Flyball, 78M)
|
Batting: RHB Julian Lee
|
0-0: Ball 1-0: Swinging Strike 1-1: Foul Ball, location: 2F 1-2: Ball 2-2: Strikes out looking
|
Batting: SHB Dan Dunn
|
0-0: Foul Ball, location: 2F 0-1: Ground out 5-3 (Groundball, 56S)
|
Bottom of the 1st over - 0 run(s), 0 hit(s), 0 error(s), 0 left on base; Michigan 0 - Texas A&M 0 |
TOP OF THE 2ND |
Michigan Wolverines batting - Pitching for Texas A&M Aggies : LHP Fred Villa
|
Batting: SHB Rafael Acosta
|
0-0: Ball 1-0: Ball 2-0: Ball 3-0: Called Strike 3-1: Ground out 5-3 (Groundball, 5)
|
Batting: LHB Christian Peterson
|
0-0: Ball 1-0: Ball 2-0: Called Strike 2-1: Ball 3-1: Base on Balls
|
Batting: SHB Denver Harmon
|
0-0: Ball 1-0: Called Strike 1-1: Foul Ball, location: 2F 1-2: Ball 2-2: Ball 3-2: Strikes out swinging Christian Peterson is caught stealing 2nd base Batter strikes out.
|
Top of the 2nd over - 0 run(s), 0 hit(s), 0 error(s), 0 left on base; Michigan 0 - Texas A&M 0 |
BOTTOM OF THE 2ND |
Texas A&M Aggies batting - Pitching for Michigan Wolverines : LHP Marcos Ortíz
|
Batting: SHB Clint Woods
|
0-0: Ball 1-0: Foul Ball, location: 2F 1-1: Swinging Strike 1-2: Ball 2-2: SINGLE (Line Drive, 56D)
|
Batting: RHB Ryan Hilton
|
0-0: Ball 1-0: SINGLE (Groundball, 56D) Clint Woods to second
|
Batting: RHB Chris Burrell
|
0-0: Ball 1-0: Ball 2-0: Ball 3-0: Base on Balls Clint Woods to third Ryan Hilton to second
|
Batting: LHB Vicente Rangel
|
0-0: Ball 1-0: Ball 2-0: Called Strike 2-1: SINGLE (Line Drive, 34) Clint Woods scores Ryan Hilton to third Chris Burrell to second Runner from 3rd tries for Home, SAFE, throw made home
|
Batting: SHB Jason Mason
|
0-0: Swinging Strike 0-1: Called Strike 0-2: Ball 1-2: Strikes out swinging
|
Batting: SHB Bill Butler
|
0-0: Ball 1-0: Ball 2-0: Fielders Choice at 2nd, 4-6 (Groundball, 4M) Chris Burrell to third
|
Batting: LHB Dave Bryant
|
0-0: Ball 1-0: Foul Ball, location: 2F 1-1: Fly out, F4 (Popup, 4D)
|
Bottom of the 2nd over - 2 run(s), 3 hit(s), 0 error(s), 2 left on base; Michigan 0 - Texas A&M 2 |
TOP OF THE 3RD |
Michigan Wolverines batting - Pitching for Texas A&M Aggies : LHP Fred Villa
|
Batting: LHB George Flanagan
|
0-0: Ball 1-0: Ball 2-0: Foul Ball, location: 2F 2-1: Ball 3-1: Base on Balls
|
Batting: RHB Ray Robertson
|
0-0: Called Strike 0-1: Reached on error, E5 (Groundball, 56) George Flanagan to second
|
Batting: RHB Scott Walker
|
0-0: Ball 1-0: Swinging Strike 1-1: Ball 2-1: Grounds into double play, 6-4-3 (Groundball, 6) George Flanagan to third
|
Batting: RHB Mario Silva
|
0-0: Called Strike 0-1: Ball 1-1: Ball 2-1: Ball 3-1: Foul Ball, location: 2F 3-2: Ground out 4-3 (Groundball, 4)
|
Top of the 3rd over - 0 run(s), 0 hit(s), 1 error(s), 1 left on base; Michigan 0 - Texas A&M 2 |
BOTTOM OF THE 3RD |
Texas A&M Aggies batting - Pitching for Michigan Wolverines : LHP Marcos Ortíz
|
Batting: RHB Julian Lee
|
0-0: Called Strike 0-1: Ball 1-1: Ball 2-1: Called Strike 2-2: Strikes out swinging
|
Batting: SHB Dan Dunn
|
0-0: Ball 1-0: Foul Ball, location: 2F 1-1: Called Strike 1-2: Foul Ball, location: 2F 1-2: Foul Ball, location: 2F 1-2: Fly out, F4 (Popup, 4)
|
Batting: SHB Clint Woods
|
0-0: Ground out 4-3 (Groundball, 4M)
|
Bottom of the 3rd over - 0 run(s), 0 hit(s), 0 error(s), 0 left on base; Michigan 0 - Texas A&M 2 |
TOP OF THE 4TH |
Michigan Wolverines batting - Pitching for Texas A&M Aggies : LHP Fred Villa
|
Batting: RHB Patrick Potts
|
0-0: Called Strike 0-1: Foul Ball, location: 2F 0-2: SINGLE (Line Drive, 34D)
|
Batting: SHB Mike Howard
|
0-0: Called Strike 0-1: Foul Ball, location: 2F 0-2: Foul Ball, location: 2F 0-2: Ball 1-2: Foul Ball, location: 2F 1-2: Ball 2-2: SINGLE (Line Drive, 6MD) Patrick Potts to second Runner from 2nd tries for 3rd, SAFE, throw made to third Mike Howard to second
|
Batting: SHB Rafael Acosta
|
0-0: Ball 1-0: Ball 2-0: Ground out 4-3 (Groundball, 4) Patrick Potts scores Mike Howard to third
|
Batting: LHB Christian Peterson
|
0-0: Ball 1-0: Foul Ball, location: 2F 1-1: Called Strike 1-2: Ball 2-2: Strikes out swinging
|
Batting: SHB Denver Harmon
|
0-0: Ball 1-0: SINGLE (Groundball, 6) Mike Howard scores
|
Batting: LHB George Flanagan
|
0-0: Ball 1-0: Called Strike 1-1: Ball 2-1: Foul Ball, location: 2F 2-2: Strikes out swinging
|
Top of the 4th over - 2 run(s), 3 hit(s), 0 error(s), 1 left on base; Michigan 2 - Texas A&M 2 |
BOTTOM OF THE 4TH |
Texas A&M Aggies batting - Pitching for Michigan Wolverines : LHP Marcos Ortíz
|
Batting: RHB Ryan Hilton
|
0-0: Foul Ball, location: 2F 0-1: Foul Ball, location: 2F 0-2: Strikes out swinging
|
Batting: RHB Chris Burrell
|
0-0: SINGLE (Line Drive, 34)
|
Batting: LHB Vicente Rangel
|
0-0: Ball 1-0: Ball 2-0: Ball 3-0: Base on Balls Chris Burrell to second
|
Batting: SHB Jason Mason
|
0-0: Ball 1-0: Swinging Strike 1-1: Ball 2-1: Fly out, F8 (Flyball, 8LM)
|
Batting: SHB Bill Butler
|
0-0: Fly out, F7 (Flyball, 7M)
|
Bottom of the 4th over - 0 run(s), 1 hit(s), 0 error(s), 2 left on base; Michigan 2 - Texas A&M 2 |
TOP OF THE 5TH |
Michigan Wolverines batting - Pitching for Texas A&M Aggies : LHP Fred Villa
|
Batting: RHB Ray Robertson
|
0-0: Called Strike 0-1: Foul Ball, location: 2F 0-2: Ball 1-2: Strikes out looking
|
Batting: RHB Scott Walker
|
0-0: Ball 1-0: Ball 2-0: Fly out, F8 (Flyball, 8LM)
|
Batting: RHB Mario Silva
|
0-0: Ball 1-0: Ball 2-0: Foul Ball, location: 2F 2-1: Foul Ball, location: 2F 2-2: Foul Ball, location: 2F 2-2: Strikes out swinging
|
Top of the 5th over - 0 run(s), 0 hit(s), 0 error(s), 0 left on base; Michigan 2 - Texas A&M 2 |
BOTTOM OF THE 5TH |
Texas A&M Aggies batting - Pitching for Michigan Wolverines : LHP Marcos Ortíz
|
Batting: LHB Dave Bryant
|
0-0: Ball 1-0: Fly out, F7 (Flyball, 7LS)
|
Batting: RHB Julian Lee
|
0-0: Bunted foul 0-1: Ball 1-1: Ball 2-1: Fly out, F8 (Flyball, 8RM)
|
Batting: SHB Dan Dunn
|
0-0: Ball 1-0: Ball 2-0: Ball 3-0: Called Strike 3-1: Foul Ball, location: 2F 3-2: Ground out 6-3 (Groundball, 6M)
|
Bottom of the 5th over - 0 run(s), 0 hit(s), 0 error(s), 0 left on base; Michigan 2 - Texas A&M 2 |
TOP OF THE 6TH |
Michigan Wolverines batting - Pitching for Texas A&M Aggies : LHP Fred Villa
|
Pitching: RHP George Burks
|
|
Batting: RHB Patrick Potts
|
0-0: Foul Ball, location: 2F 0-1: Ground out 1-3 (Groundball, 13S)
|
Batting: SHB Mike Howard
|
0-0: Called Strike 0-1: Foul Ball, location: 2F 0-2: Strikes out swinging
|
Batting: SHB Rafael Acosta
|
0-0: Foul Ball, location: 2F 0-1: Ball 1-1: Foul Ball, location: 2F 1-2: Ball 2-2: Foul Ball, location: 2F 2-2: Ball 3-2: Ground out 6-3 (Groundball, 6)
|
Top of the 6th over - 0 run(s), 0 hit(s), 0 error(s), 0 left on base; Michigan 2 - Texas A&M 2 |
BOTTOM OF THE 6TH |
Texas A&M Aggies batting - Pitching for Michigan Wolverines : LHP Marcos Ortíz
|
Batting: SHB Clint Woods
|
0-0: Ball 1-0: Fly out, F6 (Popup, 56D)
|
Batting: RHB Ryan Hilton
|
0-0: Swinging Strike 0-1: Foul Ball, location: 2F 0-2: Ball 1-2: Strikes out swinging, 2-3 out at first.
|
Batting: RHB Chris Burrell
|
0-0: Ball 1-0: Fly out, F8 (Flyball, 89M)
|
Bottom of the 6th over - 0 run(s), 0 hit(s), 0 error(s), 0 left on base; Michigan 2 - Texas A&M 2 |
TOP OF THE 7TH |
Michigan Wolverines batting - Pitching for Texas A&M Aggies : RHP George Burks
|
Batting: LHB Christian Peterson
|
0-0: Foul Ball, location: 2F 0-1: Ball 1-1: Ground out 4-3 (Groundball, 4)
|
Batting: SHB Denver Harmon
|
0-0: Called Strike 0-1: DOUBLE (Flyball, 89XD)
|
Batting: LHB George Flanagan
|
0-0: Intentional Walk
|
Pinch Hitting: RHB Vincente León
|
0-0: Called Strike 0-1: Ball 1-1: Ball 2-1: Ball 3-1: Foul Ball, location: 2F 3-2: SINGLE (Groundball, 34D) Denver Harmon to third George Flanagan to second Runner from 3rd tries for Home, SAFE, throw made home
|
Batting: RHB Scott Walker
|
0-0: Called Strike 0-1: Foul Ball, location: 2F 0-2: Ball 1-2: Strikes out swinging
|
Batting: RHB Mario Silva
|
0-0: Ball 1-0: Called Strike 1-1: Ball 2-1: Foul Ball, location: 2F 2-2: Fly out, F8 (Flyball, 8RM)
|
Top of the 7th over - 1 run(s), 2 hit(s), 0 error(s), 2 left on base; Michigan 3 - Texas A&M 2 |
BOTTOM OF THE 7TH |
Texas A&M Aggies batting - Pitching for Michigan Wolverines : LHP Marcos Ortíz
|
Now at SS: Juan Carlos Mesa
|
|
Batting: LHB Vicente Rangel
|
0-0: Called Strike 0-1: Foul Ball, location: 2F 0-2: Foul Ball, location: 2F 0-2: Fly out, F9 (Flyball, 9M)
|
Pitching: RHP Mark Payne
|
|
Batting: SHB Jason Mason
|
0-0: Called Strike 0-1: Ball 1-1: Ball 2-1: Swinging Strike 2-2: Ground out 1-3 (Groundball, 15)
|
Batting: SHB Bill Butler
|
0-0: Foul Ball, location: 2F 0-1: Swinging Strike 0-2: Ball 1-2: Ball 2-2: Ground out U3 (Groundball, 3L)
|
Bottom of the 7th over - 0 run(s), 0 hit(s), 0 error(s), 0 left on base; Michigan 3 - Texas A&M 2 |
TOP OF THE 8TH |
Michigan Wolverines batting - Pitching for Texas A&M Aggies : RHP George Burks
|
Pitching: RHP Ken Little
|
|
Batting: RHB Patrick Potts
|
0-0: SOLO HOME RUN (Flyball, 7D), Distance : 366 ft
|
Batting: SHB Mike Howard
|
0-0: Called Strike 0-1: SINGLE (Groundball, 34)
|
Batting: SHB Rafael Acosta
|
0-0: Ball 1-0: Swinging Strike 1-1: Ball Mike Howard steals 2nd base 2-1: Intentional Walk
|
Batting: LHB Christian Peterson
|
0-0: Foul Ball, location: 2F 0-1: Bunted foul 0-2: Ball 1-2: Ball 2-2: Foul Ball, location: 2F 2-2: Foul Ball, location: 2F 2-2: Foul Ball, location: 2F 2-2: DOUBLE (Line Drive, 7LM) Mike Howard scores Rafael Acosta to third
|
Batting: SHB Denver Harmon
|
0-0: Called Strike 0-1: Called Strike 0-2: DOUBLE (Flyball, 89M) Rafael Acosta scores Christian Peterson scores
|
Pitching: RHP Brian Walker
|
|
Batting: LHB George Flanagan
|
0-0: Ball 1-0: SINGLE (Groundball, 34S) Denver Harmon to third Runner from 3rd tries for Home, SAFE, no throw or cutoff
|
Batting: SHB Juan Carlos Mesa
|
0-0: Ball 1-0: Swinging Strike 1-1: Ball 2-1: Ground out 6-3 (Groundball, 4M) George Flanagan to second
|
Batting: RHB Scott Walker
|
0-0: Called Strike 0-1: Called Strike 0-2: Ball 1-2: Foul Ball, location: 2F 1-2: Strikes out swinging
|
Batting: RHB Mario Silva
|
0-0: Ball 1-0: Fly out, F3 (Popup, 4S)
|
Top of the 8th over - 5 run(s), 5 hit(s), 0 error(s), 1 left on base; Michigan 8 - Texas A&M 2 |
BOTTOM OF THE 8TH |
Texas A&M Aggies batting - Pitching for Michigan Wolverines : RHP Mark Payne
|
Batting: LHB Dave Bryant
|
0-0: Foul Ball, location: 2F 0-1: Fly out, F6 (Popup, 4MS)
|
Batting: RHB Julian Lee
|
0-0: Ball 1-0: Ball 2-0: Foul Ball, location: 2F 2-1: Ball 3-1: SOLO HOME RUN (Flyball, 7LD), Distance : 322 ft
|
Batting: SHB Dan Dunn
|
0-0: Called Strike 0-1: Swinging Strike 0-2: Ball 1-2: Strikes out looking
|
Batting: SHB Clint Woods
|
0-0: Ball 1-0: DOUBLE (Flyball, 89XD)
|
Batting: RHB Ryan Hilton
|
0-0: Ball 1-0: Ball 2-0: Ball 3-0: Called Strike 3-1: Base on Balls
|
Batting: RHB Chris Burrell
|
0-0: Ball 1-0: Called Strike 1-1: Ball 2-1: Foul Ball, location: 2F 2-2: Ball 3-2: Fly out, F4 (Popup, 4M)
|
Bottom of the 8th over - 1 run(s), 2 hit(s), 0 error(s), 2 left on base; Michigan 8 - Texas A&M 3 |
TOP OF THE 9TH |
Michigan Wolverines batting - Pitching for Texas A&M Aggies : RHP Brian Walker
|
Batting: RHB Patrick Potts
|
0-0: Ball 1-0: Ball 2-0: Ground out 6-3 (Groundball, 6)
|
Batting: SHB Mike Howard
|
0-0: Ball 1-0: Ball 2-0: Ball 3-0: Base on Balls
|
Batting: SHB Rafael Acosta
|
0-0: Foul Ball, location: 2F 0-1: Swinging Strike 0-2: Strikes out swinging
|
Batting: LHB Christian Peterson
|
0-0: Called Strike Mike Howard is caught stealing 2nd base
|
Top of the 9th over - 0 run(s), 0 hit(s), 0 error(s), 0 left on base; Michigan 8 - Texas A&M 3 |
BOTTOM OF THE 9TH |
Texas A&M Aggies batting - Pitching for Michigan Wolverines : RHP Mark Payne
|
Batting: LHB Vicente Rangel
|
0-0: Ball 1-0: Foul Ball, location: 2F 1-1: Ball 2-1: Swinging Strike 2-2: Ball 3-2: DOUBLE (Line Drive, 9M)
|
Batting: SHB Jason Mason
|
0-0: Ground out 5-3 (Groundball, 5S) Vicente Rangel to third
|
Batting: SHB Bill Butler
|
0-0: SINGLE (Flyball, 7LS) Vicente Rangel scores
|
Batting: LHB Dave Bryant
|
0-0: Ball 1-0: Called Strike 1-1: Swinging Strike 1-2: Ball 2-2: Strikes out swinging
|
Pitching: RHP Vince Conklin
|
|
Batting: RHB Julian Lee
|
0-0: Ball 1-0: Ball 2-0: Hit by Pitch Bill Butler to second
|
Pitching: LHP Aaron Vaughn
|
|
Batting: SHB Dan Dunn
|
0-0: Ball 1-0: Ball 2-0: Ball 3-0: Base on Balls Bill Butler to third Julian Lee to second
|
Batting: SHB Clint Woods
|
0-0: Ball 1-0: Foul Ball, location: 2F 1-1: Foul Ball, location: 2F 1-2: Ball 2-2: Ball 3-2: Fly out, F9 (Flyball, 89S)
|
Bottom of the 9th over - 1 run(s), 2 hit(s), 0 error(s), 3 left on base; Michigan 8 - Texas A&M 4 |
|